[ AOE2 MATCH · #507846476 ]
UnrankedMongols vs Ethiopians
Player's team · LOSS
Rival team · WIN
[ REPLAY ANALYSIS · EXTRACTED FROM THE RECORDED GAME ]
Feudal
17:20
Castle
—
Imperial
—
| APM avg | 48.5 |
| APM peak | 93 |
| eAPM avg | 20.5 |
| Villagers / military | 47 / 16 |
Focus
⚔️ 25.7% · 🌾 74.3%
Archer ×11 · Scout Cavalry ×3 · Skirmisher ×2
Feudal
9:10
Castle
23:56
Imperial
—
| APM avg | 63.0 |
| APM peak | 114 |
| eAPM avg | 32.5 |
| Villagers / military | 69 / 58 |
Focus
⚔️ 38.3% · 🌾 61.7%
Archer ×38 · Militia ×6 · Spearman ×5 · Shotel Warrior ×4 · Mangonel ×3 · Scout Cavalry ×2
Match map
Initial resources + every placement click. Lines = walls · curves = elevation contours. ◆ gold · ⬟ stone · ● berries · ✦ relic · ◌ wall gap
Your base· Open — unwalled flank
DK | MF's base· Open — 4t gap
Smoothed initial terrain · ◌ = detected wall gap · hover for details
Inputs per minute
— Guthrie_Govan - - DK | MF
Build order — Guthrie_Govan
136 actions detected in the replay
| 0:00 | Create | Villager (Male) |
| 0:00 | Create | Villager (Male) |
| 0:00 | Create | Villager (Male) |
| 0:01 | Create | Villager (Male) |
| 0:02 | Build | House |
| 0:03 | Build | House |
| 1:34 | Create | Villager (Male) |
| 2:01 | Create | Villager (Male) |
| 2:02 | Create | Villager (Male) |
| 2:14 | Build | Lumber Camp |
| 2:22 | Create | Villager (Male) |
| 2:27 | Create | Villager (Male) |
| 2:47 | Create | Villager (Male) |
| 3:11 | Build | House |
| 3:25 | Create | Villager (Male) |
| 3:39 | Build | House |
| 4:05 | Create | Villager (Male) |
| 4:05 | Create | Villager (Male) |
| 4:13 | Create | Villager (Male) |
| 4:23 | Create | Villager (Male) |
| 5:17 | Create | Villager (Male) |
| 5:20 | Build | Mill |
| 5:46 | Research | Loom |
| 6:04 | Create | Villager (Male) |
| 6:05 | Create | Villager (Male) |
| 6:48 | Build | Town Center |
| 7:01 | Build | Palisade Wall |
| 7:03 | Build | Palisade Wall |
| 7:06 | Build | Palisade Wall |
| 7:08 | Build | Palisade Wall |
| 7:11 | Build | Palisade Wall |
| 7:13 | Build | Palisade Wall |
| 7:57 | Create | Villager (Male) |
| 7:57 | Create | Villager (Male) |
| 7:58 | Create | Villager (Male) |
| 8:08 | Build | Palisade Gate |
| 8:44 | Create | Villager (Male) |
| 9:53 | Create | Villager (Male) |
| 10:08 | Build | Palisade Wall |
| 10:09 | Build | Palisade Wall |
| 10:12 | Build | Palisade Wall |
| 11:27 | Create | Villager (Male) |
| 12:05 | Build | Palisade Wall |
| 12:06 | Build | Palisade Wall |
| 12:08 | Build | Palisade Wall |
| 12:28 | Create | Villager (Male) |
| 12:51 | Create | Villager (Male) |
| 12:59 | Build | House |
| 13:08 | Create | Villager (Male) |
| 13:13 | Build | Mill |
| 13:48 | Build | Palisade Wall |
| 14:04 | Build | House |
| 14:05 | Create | Villager (Male) |
| 14:39 | Create | Villager (Male) |
| 15:10 | Research | Feudal Age |
| 15:10 | Research | Feudal Age |
| 15:41 | Build | Mining Camp |
| 16:34 | Build | House |
| 16:37 | Build | Palisade Wall |
| 16:40 | Build | Palisade Wall |
| 17:04 | Build | Barracks |
| 17:20 | Age | Feudal Age |
| 17:28 | Build | Watch Tower |
| 17:54 | Build | Watch Tower |
| 18:01 | Build | Palisade Wall |
| 18:02 | Build | Palisade Wall |
| 18:02 | Build | Palisade Wall |
| 18:03 | Build | Palisade Wall |
| 18:04 | Create | Villager (Male) |
| 18:07 | Build | House |
| 18:07 | Build | House |
| 18:15 | Build | Archery Range |
| 18:35 | Create | Villager (Male) |
| 19:03 | Create | Villager (Male) |
| 19:12 | Build | Lumber Camp |
| 19:37 | Build | Farm |
| 19:38 | Create | Villager (Male) |
| 19:46 | Build | Blacksmith |
| 19:47 | Create | Villager (Male) |
| 19:59 | Create | Villager (Male) |
| 20:01 | Create | Skirmisher |
| 20:02 | Create | Skirmisher |
| 20:06 | Build | Farm |
| 20:19 | Build | Watch Tower |
| 20:30 | Create | Villager (Male) |
| 20:35 | Create | Archer |
| 20:35 | Create | Archer |
| 20:50 | Build | Mining Camp |
| 20:55 | Build | Farm |
| 21:10 | Build | Farm |
| 21:36 | Build | Farm |
| 21:45 | Research | Fletching |
| 22:05 | Create | Archer |
| 22:05 | Create | Archer |
| 22:12 | Build | Farm |
| 22:28 | Create | Villager (Male) |
| 22:28 | Create | Villager (Male) |
| 22:34 | Build | Farm |
| 22:35 | Build | Farm |
| 22:40 | Build | Watch Tower |
| 22:51 | Create | Archer |
| 22:52 | Create | Villager (Male) |
| 23:21 | Create | Villager (Male) |
| 23:32 | Create | Archer |
| 23:33 | Create | Archer |
| 23:39 | Build | Farm |
| 23:49 | Create | Archer |
| 23:55 | Build | Watch Tower |
| 24:32 | Create | Villager (Male) |
| 24:39 | Build | Mining Camp |
| 24:43 | Build | Watch Tower |
| 24:46 | Create | Villager (Male) |
| 24:54 | Build | Watch Tower |
| 24:56 | Build | Watch Tower |
| 26:17 | Create | Archer |
| 26:17 | Create | Archer |
| 26:17 | Create | Archer |
| 26:18 | Create | Villager (Male) |
| 26:31 | Build | Stable |
| 26:49 | Build | Gate |
| 26:54 | Create | Villager (Male) |
| 27:14 | Create | Villager (Male) |
| 27:20 | Build | Mining Camp |
| 27:21 | Create | Villager (Male) |
| 27:25 | Create | Scout Cavalry |
| 27:25 | Create | Scout Cavalry |
| 27:37 | Build | Gate |
| 27:54 | Create | Villager (Male) |
| 28:11 | Build | Mining Camp |
| 29:08 | Build | Town Center |
| 29:17 | Create | Scout Cavalry |
| 30:00 | Build | Farm |
| 30:01 | Build | Farm |
| 30:41 | Build | Watch Tower |
| 32:06 | Build | Farm |
| 32:07 | Build | Farm |
Build order — DK | MF
First 150 of 184 actions detected
| 0:00 | Create | Villager (Male) |
| 0:02 | Build | House |
| 0:03 | Build | House |
| 0:03 | Create | Villager (Male) |
| 0:04 | Create | Villager (Male) |
| 0:06 | Create | Villager (Male) |
| 0:06 | Create | Villager (Male) |
| 1:30 | Create | Villager (Male) |
| 1:55 | Create | Villager (Male) |
| 1:55 | Create | Villager (Male) |
| 1:59 | Build | Lumber Camp |
| 2:15 | Create | Villager (Male) |
| 2:15 | Create | Villager (Male) |
| 2:47 | Create | Villager (Male) |
| 2:47 | Create | Villager (Male) |
| 2:55 | Create | Villager (Male) |
| 3:50 | Create | Villager (Male) |
| 3:50 | Create | Villager (Male) |
| 3:51 | Create | Villager (Male) |
| 4:12 | Create | Villager (Male) |
| 4:22 | Build | House |
| 4:39 | Create | Villager (Male) |
| 4:40 | Create | Villager (Male) |
| 5:09 | Create | Villager (Male) |
| 5:14 | Build | Barracks |
| 5:16 | Build | Palisade Wall |
| 5:53 | Create | Villager (Male) |
| 6:00 | Build | House |
| 6:17 | Research | Loom |
| 6:54 | Create | Militia |
| 6:54 | Create | Militia |
| 7:00 | Research | Feudal Age |
| 7:00 | Research | Feudal Age |
| 7:22 | Create | Militia |
| 7:59 | Create | Militia |
| 8:03 | Create | Villager (Male) |
| 8:38 | Build | Mill |
| 8:39 | Create | Villager (Male) |
| 8:47 | Create | Militia |
| 9:10 | Age | Feudal Age |
| 9:16 | Create | Villager (Male) |
| 9:31 | Create | Villager (Male) |
| 9:45 | Create | Villager (Male) |
| 9:47 | Create | Villager (Male) |
| 10:24 | Build | House |
| 12:31 | Build | Town Center |
| 12:42 | Build | House |
| 13:13 | Create | Villager (Male) |
| 13:13 | Create | Villager (Male) |
| 13:37 | Create | Villager (Male) |
| 13:59 | Build | Archery Range |
| 14:00 | Create | Villager (Male) |
| 14:15 | Create | Villager (Male) |
| 14:20 | Create | Villager (Male) |
| 14:41 | Create | Villager (Male) |
| 14:46 | Create | Villager (Male) |
| 14:51 | Create | Villager (Male) |
| 14:58 | Research | Man-at-Arms (upgrade) |
| 14:59 | Research | Man-at-Arms (upgrade) |
| 15:00 | Create | Militia |
| 15:10 | Build | Mining Camp |
| 15:13 | Create | Villager (Male) |
| 15:15 | Create | Archer |
| 15:16 | Create | Archer |
| 15:31 | Create | Villager (Male) |
| 15:37 | Build | House |
| 15:45 | Create | Villager (Male) |
| 15:57 | Create | Villager (Male) |
| 16:05 | Create | Archer |
| 16:12 | Create | Villager (Male) |
| 16:16 | Build | Blacksmith |
| 16:25 | Build | House |
| 16:35 | Create | Villager (Male) |
| 16:45 | Create | Archer |
| 16:59 | Build | House |
| 17:13 | Create | Villager (Male) |
| 17:17 | Build | Farm |
| 17:23 | Build | Mill |
| 17:28 | Create | Archer |
| 17:32 | Create | Villager (Male) |
| 17:43 | Create | Villager (Male) |
| 17:55 | Create | Archer |
| 18:24 | Create | Villager (Male) |
| 18:33 | Create | Archer |
| 18:53 | Create | Archer |
| 18:56 | Create | Villager (Male) |
| 19:02 | Build | Farm |
| 19:03 | Build | Farm |
| 19:12 | Create | Archer |
| 19:37 | Create | Villager (Male) |
| 19:40 | Build | Farm |
| 19:41 | Create | Villager (Male) |
| 19:58 | Build | Market |
| 20:03 | Build | Farm |
| 20:05 | Create | Archer |
| 20:35 | Build | Mining Camp |
| 20:37 | Create | Villager (Male) |
| 20:47 | Build | House |
| 21:16 | Research | Castle Age |
| 21:16 | Research | Castle Age |
| 21:25 | Build | Stable |
| 22:14 | Create | Scout Cavalry |
| 22:14 | Create | Scout Cavalry |
| 22:15 | Create | Archer |
| 22:16 | Create | Archer |
| 22:23 | Build | Lumber Camp |
| 22:29 | Create | Archer |
| 22:31 | Research | Scale Mail Armor |
| 22:32 | Research | Scale Mail Armor |
| 22:45 | Research | Fletching |
| 23:09 | Create | Archer |
| 23:32 | Create | Villager (Male) |
| 23:45 | Build | Farm |
| 23:48 | Build | Farm |
| 23:56 | Age | Castle Age |
| 24:05 | Create | Villager (Male) |
| 24:10 | Build | Siege Workshop |
| 24:15 | Create | Archer |
| 24:24 | Build | Castle |
| 24:28 | Create | Archer |
| 24:33 | Create | Villager (Male) |
| 24:41 | Research | Bodkin Arrow |
| 24:41 | Research | Bodkin Arrow |
| 24:54 | Create | Villager (Male) |
| 25:27 | Create | Villager (Male) |
| 25:30 | Create | Mangonel |
| 25:52 | Create | Villager (Male) |
| 25:52 | Create | Villager (Male) |
| 25:56 | Create | Archer |
| 25:56 | Create | Archer |
| 26:14 | Create | Villager (Male) |
| 26:22 | Create | Mangonel |
| 26:37 | Create | Villager (Male) |
| 26:48 | Create | Shotel Warrior |
| 26:48 | Create | Shotel Warrior |
| 26:54 | Create | Villager (Male) |
| 27:04 | Create | Shotel Warrior |
| 27:13 | Create | Archer |
| 27:18 | Build | Lumber Camp |
| 27:28 | Create | Archer |
| 27:29 | Create | Villager (Male) |
| 27:31 | Build | Farm |
| 27:32 | Build | Farm |
| 28:10 | Create | Archer |
| 28:10 | Create | Archer |
| 28:11 | Create | Villager (Male) |
| 28:13 | Build | Archery Range |
| 28:18 | Create | Archer |
| 28:21 | Build | Farm |
| 28:25 | Research | Crossbowman (upgrade) |
Match timeline
| 5:14 | DK | MF · first_building Barracks |
| 5:16 | DK | MF · wall_segment Palisade Wall x1 |
| 7:01 | Guthrie_Govan · wall_segment Palisade Wall x1 |
| 7:03 | Guthrie_Govan · wall_segment Palisade Wall x1 |
| 7:06 | Guthrie_Govan · wall_segment Palisade Wall x1 |
| 7:08 | Guthrie_Govan · wall_segment Palisade Wall x1 |
| 7:11 | Guthrie_Govan · wall_segment Palisade Wall x1 |
| 7:13 | Guthrie_Govan · wall_segment Palisade Wall x1 |
| 9:10 | DK | MF · age_up feudal |
| 10:08 | Guthrie_Govan · wall_segment Palisade Wall x1 |
| 10:09 | Guthrie_Govan · wall_segment Palisade Wall x1 |
| 10:12 | Guthrie_Govan · wall_segment Palisade Wall x1 |
| 12:05 | Guthrie_Govan · wall_segment Palisade Wall x1 |
| 12:06 | Guthrie_Govan · wall_segment Palisade Wall x1 |
| 12:08 | Guthrie_Govan · wall_segment Palisade Wall x1 |
| 13:48 | Guthrie_Govan · wall_segment Palisade Wall x1 |
| 13:59 | DK | MF · first_building Archery Range |
| 16:37 | Guthrie_Govan · wall_segment Palisade Wall x1 |
| 16:40 | Guthrie_Govan · wall_segment Palisade Wall x1 |
| 17:04 | Guthrie_Govan · first_building Barracks |
| 17:20 | Guthrie_Govan · age_up feudal |
| 18:01 | Guthrie_Govan · wall_segment Palisade Wall x1 |
| 18:02 | Guthrie_Govan · wall_segment Palisade Wall x1 |
| 18:02 | Guthrie_Govan · wall_segment Palisade Wall x1 |
| 18:03 | Guthrie_Govan · wall_segment Palisade Wall x1 |
| 18:15 | Guthrie_Govan · first_building Archery Range |
| 20:50 | DK | MF · first_market_sell 500 stone |
| 20:55 | DK | MF · first_market_buy 100 food |
| 21:25 | DK | MF · first_building Stable |
| 23:56 | DK | MF · age_up castle |
| 24:10 | DK | MF · first_building Siege Workshop |
| 24:24 | DK | MF · first_building Castle |
| 26:31 | Guthrie_Govan · first_building Stable |
| 32:24 | Guthrie_Govan · resign |
[ AI ANALYSIS · 1 CREDIT ]
What really happened in this match?
Wolo.gg analyzes every decision: build order, eco, micro, common mistakes by bracket. Personalized analysis on WhatsApp or Discord in 30 seconds.
Civ guide
Mongols
Perfil
Guthrie_Govan